 Dungeon Crawl Stone Soup version 0.29.1-12-g30fa7ad0bf (webtiles) character file.

Game seed: 3906754583268523116

2774 kingsuperguy the Cleaver (level 9, -5/121 HPs)
             Began as a Minotaur Berserker on Dec 13, 2022.
             Was an Elder of Trog.
             Slain by a swamp worm (18 damage)
             ... on level 7 of the Dungeon.
             The game lasted 00:06:41 (7312 turns).

kingsuperguy the Cleaver (Minotaur Berserker)       Turns: 7312, Time: 00:06:42

Health: -5/121     AC: 15    Str: 25    XL:     9   Next: 42%
Magic:  2/2        EV: 12    Int: 10    God:    Trog [****..]
Gold:   352        SH:  0    Dex: 11    Spells: 8/8 levels left

rFire   . . .      SeeInvis .   p - +0 war axe (antimagic)
rCold   . . .      Faith    .   (no shield)
rNeg    . . .      Spirit   .   r - +0 plate armour
rPois   .          Reflect  .   (helmet restricted)
rElec   .          Harm     .   (no cloak)
rCorr   .          Rampage  .   m - +0 pair of gloves
Will    .....                   (no boots)
Stlth   ..........              (no amulet)
HPRegen 0.30/turn               o - +4 ring of evasion
MPRegen 0.08/turn               i - +6 ring of intelligence

@: berserking, very quick
A: horns 2, retaliatory headbutt
a: Renounce Religion, Berserk, Trog's Hand, Brothers in Arms


You were on level 7 of the Dungeon.
You worshipped Trog.
Trog was greatly pleased with you.
You visited 1 branch of the dungeon, and saw 7 of its levels.

You collected 352 gold pieces.

Inventory:

Hand Weapons
 a - a +0 mace
 p - a +0 antimagic war axe (weapon)
Armour
 b - a +0 animal skin
 d - a +0 chain mail
 m - a +0 pair of gloves (worn)
 r - a +0 plate armour (worn)
Jewellery
 i - a +6 ring of intelligence (right hand)
 o - a +4 ring of evasion (left hand)
 y - a ring of magical power
 z - a ring of flight
 A - a ring of positive energy
Wands
 f - a wand of flame (14)
 t - a wand of polymorph (19)
Scrolls
 c - a scroll of blinking {unknown}
 e - a scroll of amnesia {unknown}
 h - 2 scrolls of enchant armour {unknown}
 j - 2 scrolls of butterflies {unknown}
 k - 2 scrolls of noise {unknown}
 l - 3 scrolls of immolation {unknown}
 n - 3 scrolls of enchant weapon {unknown}
 q - 3 scrolls of identify {unknown}
 x - 2 scrolls of magic mapping {unknown}
Potions
 g - 5 potions of curing {unknown}
 s - a potion of heal wounds {unknown}
 u - 2 potions of ambrosia {unknown}
 v - a potion of haste {unknown}
 w - a potion of attraction {unknown}
 B - a potion of berserk rage {unknown}


   Skills:
 + Level 8.1 Fighting
 + Level 10.0(10.6) Axes
 + Level 5.4(8.4) Maces & Flails
 + Level 8.3 Armour
 + Level 2.9 Dodging
 + Level 0.4 Stealth


You had 8 spell levels left.
You didn't know any spells.
Your spell library was empty.

Dungeon Overview and Level Annotations

Branches:
Dungeon (7/15)             Temple (0/1) D:6

Altars:
Kikubaaqudgha
Ru
Zin


Innate Abilities, Weirdness & Mutations

You have a pair of horns on your head.
You reflexively headbutt those who attack you in melee.


Message History

Found a stone staircase leading up.
The swamp worm bites the plant!
The plant begins to die.
The swamp worm bites the plant!!
The swamp worm bites the plant!
The swamp worm bites the plant.
The swamp worm bites the plant.
The plant begins to die.
A nearby plant withers and dies.
The swamp worm bites the plant.
The swamp worm fires a harpoon shot at you.
The harpoon shot hits you!
You are yanked forward by the harpoon shot.
Splash!
You fall into the shallow water.
Moving in this stuff is going to be slow.
A nearby plant withers and dies.
The swamp worm bites you!
A red film seems to cover your vision as you go berserk!
You feel yourself moving faster!
You feel mighty! The swamp worm bites you.
You slice the swamp worm!!
The swamp worm is heavily wounded.
You slash the swamp worm!
The swamp worm bites you but does no damage.
You barely miss the swamp worm.
The swamp worm is heavily wounded.
You slash the swamp worm! You closely miss the swamp worm.
The swamp worm bites you!
* * * LOW HITPOINT WARNING * * *
The swamp worm bites you.
* * * LOW HITPOINT WARNING * * *
The swamp worm bites you!
* * * LOW HITPOINT WARNING * * *
You barely miss the swamp worm.
The swamp worm is almost dead.
You hit the swamp worm. You slash the swamp worm!
The swamp worm bites you but does no damage.
The swamp worm bites you.
* * * LOW HITPOINT WARNING * * *
You closely miss the swamp worm.
The swamp worm is almost dead.
You barely miss the swamp worm. You slash the swamp worm!
The swamp worm bites you!!
You die...

#..#~~≈~≈~~###
##~~~~###~~~~##
#~~~###~###≈~~# #~≈##
~~~~#P~~# ###~~#
~~~w~~~~#### ####..~≈##
~~~~#~~~...##
#....#~~≈###~###≈~~....####
#....#.~~~~###~ww~........#
.......#.~~≈~≈~~@w.....####
..$....#..~~~~~.......##
.......#..##..........#
.........###.........##
.........# ##........#
.........# #.....$.##
..........# ##....<##
..........# #.....#
...........# ##...##


You could see 3 swamp worms.

Vanquished Creatures
  Sigmund (D:3)
  Eustachio (D:4)
  A steam dragon (D:7)
  Menkaure (D:5)
  3 water moccasins
  2 black bears
  2 ice beasts
  An orc warrior (D:6)
  3 ogres
  2 phantoms (D:6)
  A scorpion (D:5)
  A necrophage (D:5)
  A howler monkey (D:5)
  3 hounds
  4 jellies
  An orc priest (D:4)
  Natasha (thrice) (D:2)
  A gnoll bouda (D:5)
  5 iguanas
  3 orc wizards (D:6)
  10 adders
  5 gnolls (D:5)
  3 white imps
  An ufetubus (D:4)
  4 worms (D:4)
  2 dart slugs
  15 orcs
  3 endoplasms
  14 giant cockroaches
  7 goblins
  8 hobgoblins
  2 kobolds
  3 quokkas
  9 ball pythons
  7 bats
  2 frilled lizards (D:1)
  22 rats
157 creatures vanquished.

Vanquished Creatures (others)
  A sky beast (D:7)
  3 plants (D:7)
4 creatures vanquished.

Grand Total: 161 creatures vanquished

Notes
Turn   | Place    | Note
-------+----------+-------------------------------------------
     0 | D:1      | kingsuperguy the Minotaur Berserker began the quest for the
                  | Orb.
     0 | D:1      | Reached XP level 1. HP: 19/19 MP: 0/0
   151 | D:1      | Reached XP level 2. HP: 27/27 MP: 1/1
   411 | D:1      | Found a faded altar of an unknown god.
   949 | D:2      | Reached ** piety under Trog
   953 | D:2      | Reached XP level 3. HP: 33/33 MP: 2/2
  1212 | D:2      | Found a glowing silver altar of Zin.
  1329 | D:2      | Reached XP level 4. HP: 39/41 MP: 3/3
  1369 | D:2      | Noticed Natasha
  1372 | D:2      | Killed Natasha
  1399 | D:2      | Noticed Natasha
  1410 | D:2      | Killed Natasha
  1410 | D:2      | Reached *** piety under Trog
  1751 | D:2      | Noticed Natasha
  1757 | D:2      | Killed Natasha
  1758 | D:2      | Reached skill level 5 in Maces & Flails
  1758 | D:2      | Reached XP level 5. HP: 47/47 MP: 1/4
  1976 | D:3      | Reached skill level 1 in Axes
  2219 | D:3      | Noticed Sigmund
  2229 | D:3      | Killed Sigmund
  2230 | D:3      | Reached skill level 5 in Fighting
  2230 | D:3      | Reached skill level 3 in Axes
  2230 | D:3      | Reached XP level 6. HP: 48/56 MP: 1/5
  3445 | D:4      | Reached skill level 4 in Axes
  3548 | D:4      | Noticed Eustachio
  3564 | D:4      | Killed Eustachio
  3565 | D:4      | Reached skill level 5 in Armour
  3565 | D:4      | Reached XP level 7. HP: 44/62 MP: 2/6
  3719 | D:4      | Reached skill level 5 in Axes
  4439 | D:5      | Entered Level 5 of the Dungeon
  4461 | D:5      | Reached **** piety under Trog
  4516 | D:5      | Reached skill level 6 in Axes
  4517 | D:5      | Noticed Menkaure
  4524 | D:5      | Killed Menkaure
  4525 | D:5      | Reached XP level 8. HP: 35/70 MP: 2/7
  4750 | D:5      | Reached skill level 7 in Axes
  5387 | D:5      | Reached skill level 8 in Axes
  5735 | D:6      | Reached skill level 9 in Axes
  5894 | D:6      | Reached XP level 9. HP: 76/79 MP: 2/8
  5971 | D:6      | Found a staircase to the Ecumenical Temple.
  6740 | D:6      | Found a sacrificial altar of Ru.
  6749 | D:6      | Found an ancient bone altar of Kikubaaqudgha.
  7241 | D:7      | Reached skill level 10 in Axes
  7312 | D:7      | Slain by a swamp worm

Illustrated notes

Levels and vault maps discovered:
D:1:      minmay_arrival_plants_in_alcoves, layout_basic,
          shapermc_ecumenical_altar_venn
D:2:      minmay_roachtagon, layout_basic, basic_altar, minmay_rat_hole,
          uniq_natasha
D:3:      layout_basic, uniq_sigmund
D:4:      layout_basic, uniq_eustachio
D:5:      layout_gridville, minmay_misc_feat_plants, uniq_menkaure
D:6:      layout_layer_cave, minitemple, minmay_temple_entry_fiery,
          minivault_11, chequers_serial_rivers_micro_d
D:7:      kennysheep_seaside_town, layout_cave_pods, enter_bailey_4,
          worms_lemuel

Skill      XL: |  1  2  3  4  5  6  7  8  9 |
---------------+----------------------------+-----
Maces & Flails | 4 5 |  5.4
Fighting       | 4 5 6 7 8 |  8.1
Armour         | 3 4 5 7 8 |  8.3
Axes           | 3 4 6 9 10 | 10.0
Dodging        | |  2.9
Stealth        | |  0.4

Action                   |  1- 3 |  4- 6 |  7- 9 || total
-------------------------+-------+-------+-------++-------
Melee: Mace              |   113 |     7 |       ||   120
       Headbutt          |    14 |    13 |    40 ||    67
       Punch             |     1 |     1 |     4 ||     6
       War axe           |       |    85 |   241 ||   326
Invok: Berserk           |       |       |     3 ||     3
  Use: Scroll            |       |       |     1 ||     1
Armor: Chain mail        |    89 |    15 |       ||   104
       Animal skin       |     1 |       |       ||     1
       Plate armour      |       |    60 |   150 ||   210
Dodge: Dodged            |    53 |    40 |    98 ||   191
